 Dungeon Crawl Stone Soup version 0.22.1-1-ga44c0e56f4 (webtiles) character file.

686 AxeAttX the Chopper (level 7, -1/67 HPs)
             Began as a Deep Dwarf Fighter on Oct 31, 2018.
             Was an Initiate of Makhleb.
             Slain by a warg (2 damage)
             ... on level 9 of the Dungeon.
             The game lasted 00:04:56 (3247 turns).

AxeAttX the Chopper (Deep Dwarf Fighter)            Turns: 3247, Time: 00:04:56

Health: -1/67      AC:  6    Str: 26 (27) XL:     7   Next: 35%
Magic:  5/5        EV:  7    Int:  6 (8)  God:    Makhleb [......]
Gold:   327        SH: 10    Dex: 12      Spells: 6/6 levels left

rFire    . . .     SeeInvis .   a - +1 war axe
rCold    . . .     Gourm    .   c - +1 shield
rNeg     . . .     Faith    .   b - +0 scale mail
rPois    .         Spirit   .   (no helmet)
rElec    .         Reflect  .   (no cloak)
rCorr    +         Harm     .   (no gloves)
MR       +....                  (no boots)
Stlth    ..........             (no amulet)
HPRegen  0.00/turn              k - ring of resist corrosion
MPRegen  0.09/turn              (no ring)

@: mighty, lethally poisoned (-1 -> -1), non-regenerating, drained
A: damage resistance, heal wounds, sense surroundings 1, no regeneration
a: Heal Wounds, Renounce Religion


You were on level 9 of the Dungeon.
You worshipped Makhleb.
Makhleb was noncommittal.
You were not hungry.

You visited 2 branches of the dungeon, and saw 8 of its levels.

You collected 327 gold pieces.

Inventory:

Hand Weapons
 a - a +1 war axe (weapon)
Armour
 b - a +0 scale mail (worn)
 c - a +1 shield (worn)
Jewellery
 k - a ring of resist corrosion (left hand)
   (You found it on level 2 of the Dungeon)
Scrolls
 j - a scroll of enchant armour
 l - a scroll of fog
 r - 2 scrolls of identify
Potions
 d - a potion of might
 h - a potion of flight
 i - 2 potions of cancellation
 q - a potion of curing
Comestibles
 e - 13 rations
 f - 8 chunks of flesh


   Skills:
 + Level 5.0(4.4) Fighting
 * Level 7.6(6.9) Axes
 - Level 3.2(2.6) Armour
 - Level 3.2(2.6) Shields


You had 6 spell levels left.
You didn't know any spells.
Your spell library was empty.

Dungeon Overview and Level Annotations

Branches:
Dungeon (6/15)             Temple (1/1) D:5

Altars:
Ashenzari
Cheibriados
Dithmenos
Elyvilon
Fedhas
Gozag
Hepliaklqana
Kikubaaqudgha
Makhleb
Okawaru
Qazlal
Ru
Sif Muna
Trog
Uskayaw
Vehumet
Wu Jian
Xom
Yredelemnul
Zin
The Shining One


Innate Abilities, Weirdness & Mutations

You are resistant to damage.
You can heal yourself by infusing magical energy.
You passively map a small area around you.
You do not regenerate.


Message History

You hit the ooze.
The ooze is heavily wounded.
The ooze barely misses you.
You slash the ooze!
You kill the ooze!
Makhleb accepts your kill.
No target in view!
No target in view!
No target in view!
No target in view!
No target in view!
No target in view!
No target in view!
No target in view!
No target in view!
No target in view!
As you read the scroll of identify, it crumbles to dust.
h - a potion of curing;
q - a potion of curing;
h - a potion of flight
As you read the scroll labeled VOALI ENNUIDYHOAV, it crumbles to dust.
It is a scroll of enchant armour.
Your +0 shield glows green for a moment.
As you read the scroll labeled COAPHI USAH, it crumbles to dust.
You feel aware of your surroundings.
You sensed 1 altar.
It was a scroll of magic mapping.
As you read the scroll labeled DAITIZ IPPIPP, it crumbles to dust.
You hear the sound of one hand clapping.
It was a scroll of random uselessness.
Blink to where?
Press: ? - help, Dir - move target cursor You are very lightly contaminated with residual magic.
As you read the scroll labeled YPPUUJ ZAUDUU, it crumbles to dust.
It was a scroll of blinking.
There is a stone staircase leading down here.
Found a stone staircase leading up.
Your magical contamination has completely faded away.
You see here a wand of polymorph (10).
You fall through a shaft for 3 floors!
The shaft crumbles and collapses.
You hear a splash. 2 wargs and an orc come into view.
The orc is wielding a dagger of venom.
The warg howls!
The orc shouts!
The warg howls!
Found a ring mail and a robe.
You closely miss the warg. You closely miss the orc.
The warg barely misses you. The orc hits you but does no damage.
You are poisoned.
Your shield and scale mail prevent you from hitting the warg.
You slash the orc!
You kill the orc!
Makhleb accepts your kill.
You slash the warg! The warg bites you! You block the warg's attack.
The warg bites you! You block the warg's attack.
You are too injured to fight recklessly!
You are too injured to fight recklessly!
You are too injured to fight recklessly!
You are too injured to fight recklessly!
You are too injured to fight recklessly!
You are too injured to fight recklessly!
You are too injured to fight recklessly!
You are too injured to fight recklessly!
You are too injured to fight recklessly!
You are too injured to fight recklessly!
You fail to use your ability.
The warg bites you!
* * * LOW HITPOINT WARNING * * *
A warg comes into view.
The warg closely misses you.
Okay, then.
You feel much better.
The warg howls!
The warg completely misses you. You block the warg's attack. x2
The warg closely misses you.
You hit the warg but do no damage. You slash the warg!
A warg comes into view.
The warg bites you!
The warg howls!
You block the warg's attack. The warg bites you but does no damage.
You closely miss the warg. x2; The warg bites you!
You block the warg's attack. The warg bites you.
You feel very mighty all of a sudden. You block the warg's attack.
The warg closely misses you. The warg bites you.
An orc comes into view. It is wielding a flail.
You block the warg's attack.
You feel much better.
The orc shouts!
The warg bites you! x2; You block the warg's attack.
The warg bites you!
You closely miss the warg.
The warg is heavily wounded.
You slash the warg! You closely miss the warg. You block the warg's attack.
The warg closely misses you. You block the warg's attack. The warg bites you!
The warg closely misses you.
You are too injured to fight recklessly!
You slash the warg!
The warg is almost dead.
Your shield prevents you from hitting the warg.
You closely miss the warg. You slash the warg! The warg bites you.
The warg bites you!
* * * LOW HITPOINT WARNING * * *
You block the warg's attack. The warg bites you!
* * * LOW HITPOINT WARNING * * *
The warg bites you.
You die...

* * ### ..... ,
**
#..#######.....
,
...............
, *
.......[.......
*
,...............
, ,,
...............
......h.h......
,
...o..h@)......
, ≈ ≈
≈....≈≈≈h≈≈≈≈≈≈
≈....≈≈≈≈≈≈≈≈≈≈
≈ ≈
≈...[≈≈≈≈≈≈≈≈≈≈
≈ *
...............
#++++##########
* * * * + + , ≈
, , * ,


You could see 4 wargs and an orc.

Vanquished Creatures
  An ogre (D:5)
  A water moccasin zombie (D:4)
  A howler monkey (D:5)
  2 crimson imps
  3 orc priests
  An iguana (D:6)
  2 orc wizards
  2 worker ants
  11 adders
  A shadow imp (D:6)
  An ooze (D:6)
  A dart slug (D:1)
  4 leopard geckos
  14 orcs
  5 giant cockroaches
  6 goblins
  7 hobgoblins
  19 jackals
  5 kobolds
  2 quokkas (D:2)
  A ball python zombie (D:5)
  12 bats
  2 frilled lizards
  A quokka zombie (D:5)
  8 rats
113 creatures vanquished.

Notes
Turn   | Place    | Note
-------+----------+-------------------------------------------
     0 | D:1      | AxeAttX the Deep Dwarf Fighter began the quest for the Orb.
     0 | D:1      | Reached XP level 1. HP: 20/20 MP: 1/1
    94 | D:1      | Reached XP level 2. HP: 27/27 MP: 2/2
   222 | D:1      | Reached skill level 3 in Axes
   266 | D:1      | Reached skill level 3 in Fighting
   676 | D:2      | Reached XP level 3. HP: 34/34 MP: 3/3
   839 | D:2      | Reached skill level 4 in Axes
   969 | D:2      | Reached XP level 4. HP: 27/42 MP: 4/4
  1352 | D:3      | Reached XP level 5. HP: 36/50 MP: 5/5
  1411 | D:3      | Reached skill level 5 in Axes
  2014 | D:4      | Reached skill level 4 in Fighting
  2035 | D:4      | Reached XP level 6. HP: 21/57 MP: 5/5
  2042 | D:4      | Reached skill level 6 in Axes
  2208 | D:5      | Entered Level 5 of the Dungeon
  2456 | D:5      | Found a staircase to the Ecumenical Temple.
  2466 | Temple   | Entered the Ecumenical Temple
  2527 | Temple   | Became a worshipper of Makhleb the Destroyer
  2860 | D:5      | Reached skill level 7 in Axes
  2860 | D:5      | Reached XP level 7. HP: 51/66 MP: 5/5
  3123 | D:6      | Reached skill level 5 in Fighting
  3237 | D:6      | You fall through a shaft for 3 floors!
  3247 | D:9      | HP: 10/67 [warg (13)]
  3247 | D:9      | HP: 1/67 [warg (9)]
  3247 | D:9      | Slain by a warg

Skill      XL: |  1  2  3  4  5  6  7 |
---------------+----------------------+-----
Axes           | 3 4 5 7 |  7.6
Fighting       | 3 4 5 |  5.0
Armour         | |  3.2
Shields        | |  3.2

Action                   |  1- 3 |  4- 6 |  7- 9 || total
-------------------------+-------+-------+-------++-------
Melee: War axe           |   102 |   229 |    49 ||   380
 Abil: Heal Wounds       |       |     8 |     2 ||    10
  Use: Scroll            |       |     9 |     5 ||    14
       Potion            |       |     2 |     3 ||     5
  Eat: Chunk             |       |     7 |     1 ||     8
Armor: Scale mail        |    62 |   124 |    15 ||   201
       Skin              |       |    19 |       ||    19
Dodge: Dodged            |    54 |    95 |    26 ||   175
Block: Shield            |    84 |   137 |    27 ||   248

Vault maps used:
D:1:      lordsloth_arrival_two_stooges, kennysheep_nondescript
D:2:      first_ration, serial_bayou_ford_a, minivault_24, st_stairs_4,
          minmay_octomino_j4
D:3:      grunt_ministairs_1, hangedman_decor_push, elyvilon_altar_5
D:4:      minmay_misc_feat_room
D:5:      temple_statues, grunt_ministairs_1
D:6:      fedhas_altar_2
D:9:      lemuel_castle_with_subvaults, basic_altar, serial_shops, shop,
          hangedman_fish_farm, uniq_gastronok
Temple:   dpeg_three_leaves_temple

Table legend:
 A = Turns spent in this place as a percentage of turns spent in the entire game.
 B = Non-inter-level travel turns spent in this place as a percentage of non-inter-level travel turns spent in the entire game.
 C = Inter-level travel turns spent in this place as a percentage of turns spent in this place.
 D = Turns resting spent in this place as a percentage of non-inter-level travel turns spent in this place.
 E = Turns spent auto-exploring this place as a percentage of non-inter-level travel turns spent in this place.
 F = Non-inter-level travel turns spent in this place divided by the number of levels of this place that you've seen.
                   A       B       C       D       E      F
               +-------+-------+-------+-------+-------+----------------------
         Total | 100.0 | 100.0 |   2.6 |   5.5 |  72.5 | 395.1
       Dungeon |  97.8 |  98.0 |   2.4 |   5.6 |  72.2 | 442.6
        Temple |   2.2 |   2.0 |  12.5 |   0.0 |  87.3 |  63.0
               +-------+-------+-------+-------+-------+----------------------

Table legend:
 A = Kills in this place as a percentage of kills in entire the game.
 B = Kills by you in this place as a percentage of kills by you in the entire game.
 C = Kills by friends in this place as a percentage of kills by friends in the entire game.
 D = Other kills in this place as a percentage of other kills in the entire game.
 E = Experience gained in this place as a percentage of experience gained in the entire game.
 F = Experience gained in this place divided by the number of levels of this place that you have seen.
                   A       B       C       D       E      F
               +-------+-------+-------+-------+-------+----------------------
         Total | 100.0 | 100.0 |   N/A |   N/A | 100.0 | 122.6
       Dungeon | 100.0 | 100.0 |   N/A |   N/A | 100.0 | 140.1
               +-------+-------+-------+-------+-------+----------------------
